 Dungeon Crawl Stone Soup version 0.25-a0-265-g7af84ae0ac (webtiles) character file.

Game seed: 3788323799701030124, levelgen mode: deterministic

189 Redear the Skirmisher (level 5, -2/37 HPs)
             Began as an Octopode Fighter on Dec 8, 2019.
             Slain by an ooze (3 damage)
             ... on level 2 of the Dungeon.
             The game lasted 00:02:38 (1654 turns).

Redear the Skirmisher (Octopode Fighter)            Turns: 1654, Time: 00:02:39

Health: -2/37      AC: -3    Str: 16    XL:     5   Next: 68%
Magic:  5/5        EV: 12    Int: 10    God:
Gold:   117        SH:  9    Dex: 12    Spells: 4/4 levels left

rFire    . . .     SeeInvis .   a - +0 long sword
rCold    . . .     Gourm    .   b - +0 shield
rNeg     . . .     Faith    .   (helmet restricted)
rPois    .         Spirit   .   r - amulet of regeneration {+Regen}
rElec    .         Reflect  .   (no ring)
rCorr    .         Harm     .   (no ring)
MR       .....                  (no ring)
Stlth    +++.......             (no ring)
HPRegen  0.52/turn              (no ring)
MPRegen  0.09/turn              (no ring)
                                (no ring)
                                (no ring)

@: corroded, hasted, very quick
A: almost no armour, stealthy swim, amphibious, 8 rings, constrict 8, camouflage
1, gelatinous body 1
a: no special abilities


You were on level 2 of the Dungeon.
You were not hungry.

You visited 1 branch of the dungeon, and saw 2 of its levels.

You collected 117 gold pieces.

Inventory:

Hand Weapons
 a - a +0 long sword (weapon)
 p - a cursed -2 dagger
Armour
 b - a +0 shield (worn)
Jewellery
 k - a +1 ring of protection {unknown}
 r - an amulet of regeneration (around mantle) {+Regen}
Scrolls
 d - 2 scrolls of identify {unknown}
 f - a scroll of immolation {unknown}
 g - 2 scrolls of noise {unknown}
 h - a scroll of fog {unknown}
 j - 2 scrolls of teleportation {unknown}
 q - a scroll of remove curse {unknown}
Potions
 e - a potion of agility {unknown}
 i - a potion of lignification {unknown}
 l - 2 potions of curing {unknown}
 m - a potion of brilliance {unknown}
 n - a potion of ambrosia {unknown}
 o - a potion of degeneration {unknown}
 s - a potion of magic {unknown}
 H - a potion of haste {@q5}
Comestibles
 z - 6 rations


   Skills:
 + Level 4.0 Fighting
 - Level 2.0 Long Blades
 + Level 4.0 Dodging
 + Level 3.5 Stealth
 + Level 4.0 Shields


You had 4 spell levels left.
You didn't know any spells.
Your spell library was empty.

Dungeon Overview and Level Annotations

Branches:
Dungeon (2/15)

Altars:
Cheibriados
Okawaru


Innate Abilities, Weirdness & Mutations

You cannot wear most types of armour.
You are very stealthy in the water. (Stealth+)
You are amphibious.
You can wear up to eight rings at the same time.
You can use your tentacles to constrict eight enemies at once.
Your skin changes colour to match your surroundings (Stealth+).
Your rubbery body absorbs attacks. (AC +1, EV +1)


Message History

The ooze hits you. x2
* * * LOW HITPOINT WARNING * * *
The ooze closely misses you.
You take 13 damage, and have 9/37 hp.
MASSIVE DAMAGE!!
You hit the jelly. The acid corrodes you!
Your tentacles burn!
* * * LOW HITPOINT WARNING * * *
The jelly is almost dead.
The ooze hits you.
* * * LOW HITPOINT WARNING * * *
You block the jelly's attack. The ooze closely misses you. The ooze misses you.
You block the ooze's attack. The ooze hits you.
* * * LOW HITPOINT WARNING * * *
You take 8 damage, and have 1/37 hp.
MASSIVE DAMAGE!!
You hit the jelly.
You kill the jelly!
Your Fighting skill increases to level 4!
Your Dodging skill increases to level 4!
Your Shields skill increases to level 4!
The ooze hits you.
You die...

.#### #.# .##.#########.#
............#.#
.##.#######.#.# .#
..............# ..
.##.####.#..### #
.##......#..#############
.
###......#...##..J....P$#
#......######.@J......#
#.......... #JJJP..÷.J#
##.....###. #.P..÷...÷##.
#.....# ##÷..÷..÷..##.#
#.....# .##.........##.#
#.....# (###'#########.#
#.....###.# ##......###.#
#####.#.>.# ########.##.#
#.....#
#...['..###.######


You could see 6 oozes.

Vanquished Creatures
  2 jellies (D:2)
  Terence (D:2)
  3 adders (D:2)
  2 oozes (D:2)
  2 dart slugs
  2 leopard geckos
  5 bats
  5 giant cockroaches
  4 goblins
  5 hobgoblins
  10 jackals
  11 kobolds
  A quokka (D:2)
  A ball python (D:2)
  4 frilled lizards
  3 rats
61 creatures vanquished.

Vanquished Creatures (others)
  13 toadstools (D:2)
13 creatures vanquished.

Grand Total: 74 creatures vanquished

Notes
Turn   | Place    | Note
-------+----------+-------------------------------------------
     0 | D:1      | Redear the Octopode Fighter began the quest for the Orb.
     0 | D:1      | Reached XP level 1. HP: 16/16 MP: 1/1
    67 | D:1      | Reached skill level 1 in Stealth
    67 | D:1      | Reached XP level 2. HP: 20/21 MP: 2/2
   266 | D:1      | Reached XP level 3. HP: 16/26 MP: 3/3
   532 | D:1      | Reached skill level 2 in Stealth
   622 | D:2      | Found an iron altar of Okawaru.
   685 | D:2      | Noticed a phantom
   745 | D:2      | Noticed Terence
   752 | D:2      | Killed Terence
   752 | D:2      | Reached XP level 4. HP: 17/31 MP: 4/4
   883 | D:2      | Found a snail-covered altar of Cheibriados.
  1414 | D:2      | Reached skill level 3 in Stealth
  1543 | D:2      | Reached XP level 5. HP: 32/37 MP: 5/5
  1653 | D:2      | HP: 1/37 [ooze (5)]
  1654 | D:2      | Reached skill level 4 in Fighting
  1654 | D:2      | Reached skill level 4 in Dodging
  1654 | D:2      | Reached skill level 4 in Shields
  1654 | D:2      | Slain by an ooze

Levels and vault maps discovered:
D:1:      grunt_arrival_crossed_arrows, layout_rooms, minmay_close_crescents
D:2:      cheibrodos_fertilizer, layout_basic, lemuel_doored_altar,
          first_ration, okawaru_gym_becter, uniq_terence

Skill      XL: |  1  2  3  4  5 |
---------------+----------------+-----
Stealth        | 1 2 3 |  3.5
Fighting       | 4 |  4.0
Dodging        | 4 |  4.0
Shields        | 4 |  4.0
Long Blades    | |  2.0

Action                   |  1- 3 |  4- 6 || total
-------------------------+-------+-------++-------
Melee: Long sword        |    67 |    53 ||   120
       Constrict         |    17 |    12 ||    29
       Tentacles         |     9 |    10 ||    19
  Use: Potion            |     1 |     1 ||     2
 Stab: Sleeping          |     5 |     7 ||    12
  Eat: Ration            |       |     1 ||     1
Armor: Skin              |     5 |       ||     5
Dodge: Dodged            |    26 |    34 ||    60
Block: Shield            |    24 |    33 ||    57
       Rpst.: Long sword |     7 |     8 ||    15

Table legend:
 A = Non-vault XP
 B = Vault XP
 C = Vault XP percentage of total XP
 D = Non-vault monster count
 E = Vault monster count
 F = Vault count percentage of total count
                 A         B        C        D         E       F
            +---------+---------+-------+---------+---------+-------
      Total |     121 |     150 |  55.4 |      45 |      16 |  26.2
            +---------+---------+-------+---------+---------+-------
        D:1 |      50 |       7 |  12.3 |      26 |       4 |  13.3
        D:2 |      71 |     143 |  66.8 |      19 |      12 |  38.7
            +---------+---------+-------+---------+---------+-------
